 Dungeon Crawl Stone Soup version 0.30-a0-778-g2ef04afb54 (webtiles) character file.

Game seed: 11925913284724003501

58 Newt the Trooper (level 3, 0/30 HPs)
             Began as a Demonspawn Gladiator on Feb 15, 2023.
             Slain by a gnoll
             ... wielding a +0 whip
              (7 damage)
             ... on level 2 of the Dungeon.
             The game lasted 00:01:17 (1049 turns).

Newt the Trooper (Demonspawn Gladiator)             Turns: 1049, Time: 00:01:17

Health: 0/30       AC:  5    Str: 16    XL:     3   Next: 76%
Magic:  3/3        EV: 12    Int:  9    God:
Gold:   49         SH:  0    Dex: 14    Spells: 2/2 levels left

rFire   . . .      SeeInvis +    j - +2 dagger (venom)
rCold   . . .      Faith    .    (no shield)
rNeg    . . .      Spirit   .    b - +0 leather armour
rPois   .          Reflect  .    c - +1 helmet
rElec   .          Harm     .    (no cloak)
rCorr   .          Rampage  .    (no gloves)
Will    .....                    (no boots)
Stlth   +                        (no amulet)
HPRegen 0.25/turn                l - ring of see invisible
MPRegen 0.08/turn                (no ring)

@: confused, ambrosia-drunk
A: hooves 1, spiny 1
a: no special abilities


You were on level 2 of the Dungeon.
You visited 1 branch of the dungeon, and saw 2 of its levels.

You collected 49 gold pieces.

Inventory:

Hand Weapons
 a - a +0 rapier
 j - a +2 dagger of venom (weapon)
Missiles
 d - 3 throwing nets (quivered)
 e - a javelin
Armour
 b - a +0 leather armour (worn)
 c - a +1 helmet (worn)
Jewellery
 l - a ring of see invisible (left hand)
Scrolls
 g - a scroll of identify
 m - a scroll of magic mapping
 o - 2 scrolls of teleportation
Potions
 f - a potion of invisibility {unknown}
 h - a potion of might
 k - 2 potions of curing {unknown}


   Skills:
 + Level 4.2 Fighting
 - Level 2.6 Short Blades
 - Level 1.7 Throwing
 - Level 2.6 Dodging


You had 2 spell levels left.
You didn't know any spells.
Your spell library contained the following spells:

 Spells                   Type           Power      Damage    Failure   Level
 Magic Dart               Conj           0%         1d3       45%         1
 Searing Ray              Conj           0%         2d4       58%         2
 Fulminant Prism          Conj/Hex       0%         3d5       99%         4
 Summon Forest            Summ/Tloc      0%         N/A       100%        5
 Summon Mana Viper        Hex/Summ       0%         N/A       100%        5
 Summon Cactus Giant      Summ           0%         N/A       100%        6


Dungeon Overview and Level Annotations

Branches:
Dungeon (2/15)

Altars:

Shops:
D:1 !

Annotations:
D:2 Terence


Innate Abilities, Weirdness & Mutations

You have large cloven feet.
You are partially covered in sharp spines.


Message History

The gnoll closely misses you.
You hit the kobold but do no damage.
The kobold is poisoned.
You kick the kobold.
You kill the kobold!
The gnoll hits you from afar with a +0 spear.
A gnoll comes into view. It is wielding a +0 club.
The gnoll is struck by your spines. The gnoll hits you with a +0 spear.
Things that are here:
a +0 whip; a +0 club; a kobold corpse You barely miss the gnoll.
The gnoll is lightly wounded.
The gnoll shouts!
You hear a shout!
The gnoll is struck by your spines. The gnoll hits you with a +0 spear.
You closely miss the gnoll.
The gnoll is lightly wounded.
Terence the Incautious comes into view.
He is wielding a +0 trident.
The gnoll is struck by your spines. The gnoll closely misses you.
The gnoll is struck by your spines. The gnoll hits you but does no damage.
You closely miss the gnoll. Your kick misses the gnoll.
The gnoll is moderately wounded.
The gnoll hits you with a +0 spear. The gnoll completely misses you.
You are too injured to fight recklessly!
The gnoll hits you from afar with a +0 spear.
You barely miss the gnoll.
The gnoll is lightly wounded.
You hit the gnoll but do no damage.
The gnoll is poisoned.
You kick the gnoll.
The gnoll is moderately wounded.
The gnoll is struck by your spines. The gnoll hits you with a +0 whip.
* * * LOW HITPOINT WARNING * * *
The gnoll hits you from afar with a +0 spear.
* * * LOW HITPOINT WARNING * * *
You are confused.
You feel invigorated.
The gnoll hits you from afar with a +0 spear.
* * * LOW HITPOINT WARNING * * *
The gnoll hits you with a +0 whip.
* * * LOW HITPOINT WARNING * * *
Unknown command.
You're too confused to move!
The gnoll hits you with a +0 whip!
You die...

,* *,,,,* #,#.#.#.# #.#....### ,*
*....###.#.#.#.# #.#....#
,******............#.###.#....###
,*,,,,,,.........................
,*,****,#.#....#.....###.#.......
,,,* *,#.############*#.#..#.#.#
,,** *,#..,,,,,,,,,,,,..#..#.#.#
,,**###.#..###############..#.#.#
,,,,.......)g@gg@.......#*#.#.#.#
,***###.#.###..########.# #.#.#.#
,* *,#,,*##.# #.# #...... ,*
*,**,* #.########.###..###. ,*
*,**,**#....##..........### ,*
*,,,,,,####.##......###.# ,*
****,,,* #.##......# #.### ,*
*,,,* #.##......###.... ,* *,,,*
#................


You could see Terence and 3 gnolls.

Vanquished Creatures
  An adder (D:2)
  2 worms (D:2)
  3 ball pythons
  3 endoplasms
  2 giant cockroaches (D:1)
  5 goblins
  8 hobgoblins
  4 kobolds
  A quokka (D:2)
  4 bats
  2 frilled lizards (D:1)
  6 rats
41 creatures vanquished.

Notes
Turn   | Place    | Note
-------+----------+-------------------------------------------
     0 | D:1      | Newt the Demonspawn Gladiator began the quest for the Orb.
     0 | D:1      | Reached XP level 1. HP: 16/16 MP: 1/1
    99 | D:1      | Found Wifor's Distillery.
   109 | D:1      | Discovered your monstrous ancestry.
   109 | D:1      | Gained mutation: You have large cloven feet. [demonic
                  | ancestry]
   109 | D:1      | Reached XP level 2. HP: 23/23 MP: 2/2
   189 | D:1      | Reached skill level 3 in Fighting
   530 | D:2      | Gained mutation: You are partially covered in sharp spines.
                  | [demonic ancestry]
   530 | D:2      | Reached XP level 3. HP: 26/29 MP: 3/3
   847 | D:2      | Reached skill level 4 in Fighting
  1039 | D:2      | Noticed Terence
  1049 | D:2      | Slain by a gnoll

Illustrated notes

Levels and vault maps discovered:
D:1:      dpeg_arrival_simpleton_c, layout_rooms, serial_shops, shop
D:2:      layout_basic, minmay_misc_feat_rows, wad_woods_river_04,
          kennysheep_small_spiral, minmay_diced_spiral, uniq_terence

Skill      XL: |  1  2  3 |
---------------+----------+-----
Fighting       | 3 4 |  4.2
Short Blades   | |  2.6
Throwing       | |  1.7
Dodging        | |  2.6

Action                     || total
---------------------------++-------
  Melee: Rapier            ||    44
         Dagger            ||    50
         Kick              ||    17
         Punch             ||     1
    Use: Scroll            ||     8
         Potion            ||     1
 Armour: Leather armour    ||    26
  Dodge: Dodged            ||    52

Table legend: (Time is in decaauts)
 A = Elapsed time spent in this place.
 B = Non-inter-level travel time spent in this place.
 C = Inter-level travel time spent in this place.
 D = Time resting spent in this place.
 E = Time spent auto-exploring this place.
 F = Levels seen in this place.
 G = Mean time per level.
                   A        B        C        D        E       F      G
               +--------+--------+--------+--------+--------+-----+--------+
         Total |   1043 |   1019 |     24 |      0 |    799 |   2 |  521.5 |
       Dungeon |   1043 |   1019 |     24 |      0 |    799 |   2 |  521.5 |
               +--------+--------+--------+--------+--------+-----+--------+

Top non-repeatable levels by time:
     D:2: 556 daAuts
     D:1: 487 daAuts
